 Dungeon Crawl Stone Soup version 0.15.2 (webtiles) character file.

56039 DrPain the Spry (level 14, -9/70 HPs)
             Began as a Spriggan Assassin on Nov 19, 2014.
             Was the Champion of Dithmenos.
             Mangled by an azure jelly (29 damage)
             ... on Level 8 of the Lair of Beasts on Jan 5, 2015.
             The game lasted 01:45:24 (31443 turns).

DrPain the Spry (Spriggan Assassin)                Turns: 31443, Time: 01:45:24

HP  -9/70        AC  7     Str  9      XL: 14   Next: 40%
MP  30/30        EV 36     Int 15      God: Dithmenos [******]
Gold 1265        SH  0     Dex 20      Spells:  1 memorised, 21 levels left

rFire  + + .     SeeInvis +     w - +10 captain's cutlass {speed}
rCold  . . .     Clarity  .     r - +2 robe {rF+}
rNeg   . . .     rCorr    .     (shield restricted)
rPois  .         rRot     .     o - +2 hat of Focus {Int+1}
rElec  .         Spirit   .     d - +0 cloak
SustAb .         Warding  .     (gloves unavailable)
rMut   .         Stasis   .     (boots unavailable)
Gourm  .                        (no amulet)
MR     ++...                    P - +1 ring of strength
                                p - ring of protection from fire

@: wreathed by umbra, very quick, very resistant to hostile enchantments,
uncannily stealthy
A: unfitting armour, see invisible, herbivore 3, speed 3, slow metabolism 2
a: Shadow Step, Shadow Form, Renounce Religion


You were on level 8 of the Lair of Beasts.
You worshipped Dithmenos.
Dithmenos was exalted by your worship.
You were not hungry.

You visited 3 branches of the dungeon, and saw 18 of its levels.
You also visited: Ice Cave.

You collected 1287 gold pieces.
You spent 22 gold pieces at shops.

Inventory:

Hand weapons
 f - a +0 blowgun
 w - the +10 captain's cutlass (weapon) {speed}
   (You acquired it on level 5 of the Lair of Beasts)

   Attacks with this weapon are significantly faster.
 N - a +3 dagger of draining
 W - a +2 dagger of holy wrath
Missiles
 a - 379 stones (quivered)
 b - 5 curare-tipped needles
 e - 38 poisoned needles
Armour
 d - a +0 cloak (worn)
 o - the +2 hat of Focus (worn) {Int+1}
   (You acquired it on level 5 of the Lair of Beasts)

   It affects your intelligence (+1).
 r - a +2 robe of fire resistance (worn)
Magical devices
 s - a wand of paralysis (11)
 I - a wand of teleportation (4)
 J - a wand of confusion (2)
 L - a wand of digging (14)
 Q - a wand of paralysis (10)
Comestibles
 q - a royal jelly
 z - 9 bread rations
 H - 43 fruits
Scrolls
 c - 2 scrolls of enchant weapon
 h - 2 scrolls of blinking
 i - 10 scrolls of identify
 m - 6 scrolls of teleportation
 n - 4 scrolls of remove curse
 u - 3 scrolls of recharging
 v - 4 scrolls of magic mapping
 y - 4 scrolls of amnesia
 U - a scroll of enchant armour
Jewellery
 p - a ring of protection from fire (left hand)
 x - an uncursed ring of flight
 F - an uncursed ring of wizardry
 M - an uncursed ring of ice
 P - a +1 ring of strength (right hand)
Potions
 g - 3 potions of brilliance
 j - 3 potions of cure mutation
 k - 4 potions of heal wounds
 l - a potion of agility
 t - 3 potions of magic
 A - 3 potions of resistance
 C - a potion of restore abilities
 D - 2 potions of might
 G - a potion of haste
 K - 6 potions of curing
Books
 B - a book of Air

   Spells                             Type                      Level
   Shock                              Conjuration/Air              1
   Swiftness                          Charms/Air                   2
   *Repel Missiles                    Charms/Air                   2
   Flight                             Charms/Air                   3
   Static Discharge                   Conjuration/Air              3
   Lightning Bolt                     Conjuration/Air              5
 E - a Grand Grimoire {highlevel, unknown}

   This book is beyond your current level of understanding.

   Spells                             Type                      Level
   Aura of Abjuration                 Summoning                    6
   Forceful Dismissal                 Summoning                    6
   Summon Greater Demon               Summoning                    7
   Malign Gateway                     Summoning/Translocation      7
   Summon Horrible Things             Summoning                    8
 O - a book of Party Tricks

   Spells                             Type                      Level
   Summon Butterflies                 Summoning                    1
   Apportation                        Translocation                1
   Blink                              Translocation                2
   Tukima's Dance                     Hexes                        3
   Alistair's Intoxication            Transmutation/Poison         4


   Skills:
 - Level 6.6 Fighting
 - Level 14.3 Short Blades
 - Level 2.1 Throwing
 * Level 19.4 Dodging
 - Level 14.5 Stealth
 - Level 5.0 Spellcasting
 - Level 10.0 Charms
 * Level 7.2 Invocations


You had 21 spell levels left.
You knew the following spells:

 Your Spells              Type           Power        Failure   Level  Hunger
a - Repel Missiles        Chrm/Air       ###...       3%          2    #......


Dungeon Overview and Level Annotations

Branches:
Dungeon (9/15)             Temple (1/1) D:5            Lair (8/8) D:9
 Shoals (0/5) Lair:4       Spider (0/5) Lair:5        Slime (0/6) Lair:8
    Orc: D:9-12

Altars:
Ashenzari
Cheibriados
Dithmenos
Elyvilon
Fedhas
Kikubaaqudgha
Makhleb
Nemelex Xobeh
Okawaru
Qazlal
Sif Muna
Trog
Vehumet
Xom
Yredelemnul
Zin
The Shining One
Jiyva

Shops:
D:4 [

Annotations:
Lair:1 Gastronok


Innate Abilities, Weirdness & Mutations

You are tiny and cannot use many weapons and most armour.
You have supernaturally acute eyesight.
You are a herbivore.
You cover ground extremely quickly.
You need consume almost no food.


Message History

The bush is severely damaged.
The azure jelly completely misses you. The azure jelly misses you.
The azure jelly misses you. The azure jelly completely misses you.
You puncture the bush!
The bush is almost destroyed.
You hit the bush but do no damage.
The bush is almost destroyed.
You hit the bush but do no damage.
The bush is almost destroyed.
The azure jelly completely misses you. x2
The azure jelly misses you. The azure jelly completely misses you.
You hit the bush but do no damage.
The bush is almost destroyed.
Your shadow hits the bush but does no damage.
You hit the bush but do no damage.
The bush is almost destroyed.
The azure jelly hits you.
* * * LOW HITPOINT WARNING * * *
The azure jelly freezes you!!
You die... #......## . #.#.###.P.. ##....## ##### #PP.P

#.P.#.# #P.P. #....## ###..
##.).#.# #... #.#...#### #####
# #P.. ##.......###.#.##.##.#
###PP.
#...P...##.#..P..PP.....#.PP..
#.P..P......J@P...........PPPP
###PPP..##...PPP......#....PP#
###P.PP..#.#.##..###.#
.##....P #.#...P..##.## ###
##.#.# #......##### ####
##...J## #.....# #.P...#
#.#...#


You could see an azure jelly.

Vanquished Creatures
  Maud (Lair:5)
  5 hydras
  A fire dragon (Lair:8)
  Harold (Lair:5)
  Erica (Lair:3)
  6 death yaks
  A catoblepas (Lair:8)
  4 griffons
  2 manticores (Lair:8)
  7 black mambas
  10 spiny frogs
  21 elephants
  5 torpor snails (Lair:4)
  10 komodo dragons
  A troll (D:9)
  A snapping turtle (Lair:4)
  4 fire drakes (Lair:8)
  A hydra zombie (D:9)
  24 blink frogs
  Prince Ribbit (Lair:3)
  A deep elf mage (D:8)
  A two-headed ogre (D:6)
  8 basilisks
  23 yaks
  A wyvern (Lair:6)
  A spriggan (Lair:2)
  4 steam dragons
  9 hippogriffs
  12 water moccasins
  Menkaure (D:6)
  12 porcupines
  11 wolves
  2 orc warriors
  A mottled dragon (Lair:8)
  A yellow wasp (Lair:2)
  2 phantoms (D:9)
  8 spiders (Lair:5)
  A sky beast (D:7)
  6 centaurs
  8 ice beasts
  19 crocodiles
  Duvessa (D:4)
  4 ogres
  A wyvern zombie (D:8)
  3 big kobolds (D:8)
  19 giant frogs
  5 scorpions
  8 killer bees (D:8)
  2 goliath beetles
  An electric eel (D:8)
  A troll skeleton (D:9)
  Dowan (D:4)
  2 crimson imps
  2 jellies (D:4)
  9 hounds
  8 orc priests
  Crazy Yiuf (D:2)
  A centaur skeleton (D:7)
  Natasha (thrice) (D:3)
  18 iguanas
  8 orc wizards
  11 worker ants
  An ogre zombie (D:6)
  Ijyb (D:2)
  A hound zombie (D:8)
  A hound skeleton (D:4)
  A worker ant zombie (D:5)
  27 adders
  71 green rats
  A shadow imp (D:5)
  A giant mite (D:6)
  A worm (D:5)
  An adder zombie (D:5)
  An iguana skeleton (D:6)
  An iguana zombie (D:5)
  An orc skeleton (D:7)
  An adder skeleton (D:9)
  9 giant geckos
  4 oozes
  33 orcs
  2 ball pythons
  15 bats
  A bat skeleton (D:6)
  2 bat zombies
  8 giant cockroaches
  A gnoll zombie (D:8)
  14 hobgoblins
  3 jackals (D:8)
  11 quokkas
  15 sheep
  4 giant newts
  11 goblins
  A goblin skeleton (D:4)
  8 kobolds
  A kobold skeleton (D:7)
  2 orc zombies
  2 quokka zombies
  16 rats
  A rat skeleton (D:5)
  A fungus (D:2)
624 creatures vanquished.

Vanquished Creatures (others)
  A swamp drake (D:9)
  3 fungi (Lair:6)
4 creatures vanquished.

Grand Total: 628 creatures vanquished

Notes
Turn   | Place    | Note
--------------------------------------------------------------
     0 | D:1      | DrPain, the Spriggan Assassin, began the quest for the Orb.
     0 | D:1      | Reached XP level 1. HP: 10/10 MP: 2/2
   463 | D:1      | Reached XP level 2. HP: 12/14 MP: 4/4
  1060 | D:2      | Reached XP level 3. HP: 18/18 MP: 6/6
  1135 | D:2      | Noticed Ijyb
  1141 | D:2      | Killed Ijyb
  1746 | D:2      | Found a sparkling altar of Nemelex Xobeh.
  1766 | D:2      | Reached XP level 4. HP: 19/22 MP: 8/8
  2009 | D:2      | Noticed Crazy Yiuf
  2016 | D:2      | Killed Crazy Yiuf
  2016 | D:2      | Reached skill level 5 in Short Blades
  2561 | D:3      | Noticed Natasha
  2574 | D:3      | Killed Natasha
  2629 | D:3      | Reached XP level 5. HP: 10/25 MP: 10/10
  3062 | D:3      | Noticed Natasha
  3325 | D:3      | HP: 1/25 [Natasha/magic dart (7)]
  3946 | D:3      | Killed Natasha
  4538 | D:3      | Noticed Natasha
  4547 | D:3      | Killed Natasha
  5084 | D:4      | Found a shimmering altar of Xom.
  5104 | D:4      | Reached skill level 5 in Dodging
  5295 | D:4      | Found Smaing's Antique Armour Emporium.
  5300 | D:4      | Bought an embroidered robe for 22 gold pieces
  5324 | D:4      | Reached skill level 6 in Dodging
  5324 | D:4      | Reached XP level 6. HP: 30/30 MP: 12/12
  5703 | D:4      | Reached skill level 7 in Dodging
  5722 | D:4      | Noticed Dowan
  5728 | D:4      | Noticed Duvessa
  5750 | D:4      | Killed Duvessa
  5750 | D:4      | Reached skill level 8 in Dodging
  5760 | D:4      | Killed Dowan
  5953 | D:4      | Reached XP level 7. HP: 33/33 MP: 14/14
  6222 | D:4      | Reached skill level 9 in Dodging
  6424 | D:5      | Entered Level 5 of the Dungeon
  6651 | D:5      | Found a staircase to the Ecumenical Temple.
  6703 | D:5      | Reached skill level 10 in Dodging
  7139 | D:5      | Reached skill level 11 in Dodging
  7288 | D:5      | Reached XP level 8. HP: 37/37 MP: 16/16
  7503 | D:5      | Reached skill level 12 in Dodging
  7727 | Temple   | Entered the Ecumenical Temple
  7927 | Temple   | Became a worshipper of Dithmenos the Shadowed
  8263 | D:6      | Noticed Menkaure
  8278 | D:6      | Killed Menkaure
  8886 | D:6      | Noticed a two-headed ogre
  8907 | D:6      | Killed a two-headed ogre
  8907 | D:6      | Reached skill level 10 in Stealth
  9310 | D:6      | Learned a level 2 spell: Repel Missiles
  9662 | D:7      | Reached skill level 1 in Charms
  9666 | D:7      | Reached XP level 9. HP: 42/42 MP: 18/18
 10275 | D:7      | Reached skill level 5 in Charms
 10902 | D:7      | Acquired Dithmenos' first power
 12308 | D:8      | Reached skill level 5 in Fighting
 12351 | D:8      | Reached XP level 10. HP: 27/51 MP: 19/19
 12563 | D:8      | Noticed a two-headed hydra
 12596 | D:8      | Killed a two-headed hydra
 13126 | D:8      | Acquired Dithmenos' second power
 14530 | D:9      | Found an iron altar of Okawaru.
 15279 | D:9      | Found a glowing silver altar of Zin.
 15286 | D:9      | Found an ancient bone altar of Kikubaaqudgha.
 15348 | D:9      | Acquired Dithmenos' third power
 15549 | D:9      | Reached skill level 10 in Short Blades
 15600 | D:9      | Reached XP level 11. HP: 50/58 MP: 20/20
 15665 | D:9      | Found a staircase to the Lair.
 15903 | Lair:1   | Entered Level 1 of the Lair of Beasts
 15908 | Lair:1   | Reached skill level 1 in Invocations
 16064 | Lair:1   | Noticed Gastronok
 16117 | Lair:2   | Found a burning altar of Makhleb.
 16318 | Lair:2   | Noticed a spriggan rider
 16333 | Lair:2   | Killed a yellow wasp
 16344 | Lair:2   | Killed a spriggan
 16961 | Lair:2   | Acquired Dithmenos' fourth power
 17528 | Lair:2   | Reached skill level 13 in Dodging
 19057 | Lair:3   | Reached skill level 14 in Dodging
 19227 | Lair:3   | Noticed Prince Ribbit
 19257 | Lair:3   | Killed Prince Ribbit
 19273 | Lair:3   | Reached skill level 1 in Spellcasting
 19646 | Lair:3   | Noticed Erica
 19662 | Lair:3   | Killed Erica
 19662 | Lair:3   | Reached XP level 12. HP: 62/62 MP: 25/25
 19984 | Lair:3   | Noticed an eight-headed hydra
 20002 | Lair:3   | Killed an eight-headed hydra
 20523 | Lair:4   | Reached skill level 15 in Dodging
 20612 | Lair:4   | Found a frozen archway.
 20625 | IceCv    | Entered an ice cave
 20693 | IceCv    | Reached skill level 10 in Charms
 21642 | Lair:4   | Noticed a six-headed hydra
 21675 | Lair:4   | Killed a six-headed hydra
 21926 | Lair:4   | Found a staircase to the Shoals.
 22229 | Lair:4   | Reached skill level 16 in Dodging
 22523 | Lair:4   | Found a snail-covered altar of Cheibriados.
 22566 | Lair:4   | Reached skill level 5 in Spellcasting
 22566 | Lair:4   | Reached skill level 5 in Invocations
 23130 | Lair:4   | Reached skill level 17 in Dodging
 23466 | Lair:5   | Found a hole to the Spider Nest.
 24297 | Lair:4   | Reached XP level 13. HP: 36/66 MP: 29/29
 24801 | Lair:5   | Identified a scroll of acquirement
 24836 | Lair:5   | Noticed Maud
 25187 | Lair:5   | Noticed Harold
 25204 | Lair:5   | Killed Maud
 25235 | Lair:5   | Killed Harold
 25730 | Lair:5   | Got a dazzling hat
 25736 | Lair:5   | Identified the +2 hat of Focus {Int+1} (You acquired it on level 5 of the Lair of Beasts)
 26623 | Lair:6   | Got a crystal falchion
 26635 | Lair:6   | Identified the +0 falchion of Banwan {flame, rElec MR+} (You found it on level 6 of the Lair of Beasts)
 27702 | Lair:6   | Got a warped hat
 27713 | Lair:6   | Identified the -7 hat "Mnus" {+Rage} (You acquired it on level 6 of the Lair of Beasts)
 28928 | Lair:8   | Entered Level 8 of the Lair of Beasts
 29143 | Lair:8   | Found a viscous altar of Jiyva.
 29144 | Lair:8   | Noticed an azure jelly
 29195 | Lair:8   | Reached XP level 14. HP: 70/70 MP: 30/30
 29500 | Lair:8   | Reached skill level 18 in Dodging
 30222 | Lair:8   | Reached skill level 19 in Dodging
 31369 | Lair:8   | Noticed an azure jelly
 31370 | Lair:8   | Found a staircase to the Slime Pits.
 31370 | Lair:8   | Noticed an azure jelly
 31371 | Lair:8   | Noticed an azure jelly
 31443 | Lair:8   | Mangled by an azure jelly

Action                   |  1- 3 |  4- 6 |  7- 9 | 10-12 | 13-15 || total
-------------------------+-------+-------+-------+-------+-------++-------
Melee: Dagger            |    97 |   134 |   658 |  1653 |    78 ||  2620
       Cutlass           |       |       |       |       |   657 ||   657
 Fire: Blowgun           |     2 |    18 |    10 |    16 |    15 ||    61
Throw: Stone             |       |     1 |       |       |       ||     1
 Cast: Repel Missiles    |       |       |     1 |     1 |     1 ||     3
Invok: Shadow Form       |       |       |       |       |     1 ||     1
Evoke: Wand              |       |     2 |     2 |     4 |     3 ||    11
  Use: Scroll            |     3 |     6 |     5 |     4 |     6 ||    24
       Potion            |     3 |     4 |     4 |     6 |     5 ||    22
 Stab: Sleeping          |    11 |    12 |    28 |    73 |    75 ||   199
       Distracted        |       |     1 |     2 |    11 |    11 ||    25
       Confused          |       |       |       |     1 |       ||     1
       Invisible         |       |       |       |     2 |       ||     2
       Paralysed         |       |       |       |     1 |       ||     1
  Eat: Bread ration      |       |     1 |       |       |     1 ||     2
       Pizza             |       |       |       |     7 |     1 ||     8
       Royal jelly       |       |       |       |     1 |       ||     1
